 Dungeon Crawl Stone Soup version 0.31-a0-182-gc5ef74bbde (webtiles) character file.

Game seed: 12780290129948580047

736 qw the Chopper (level 7, -2/44 HPs)
             Began as a Gargoyle Fighter on June 20, 2023.
             Was an Initiate of Okawaru.
             Slain by a gnoll bouda
             ... wielding a +0 club
              (4 damage)
             ... on level 6 of the Dungeon.
             The game lasted 00:01:53 (4104 turns).

qw the Chopper (Gargoyle Fighter)                   Turns: 4104, Time: 00:01:53

Health: -2/44      AC: 20    Str: 22    XL:     7   Next: 74%
Magic:  7/7        EV:  6    Int:  8    God:    Okawaru [......]
Gold:   203        SH:  4    Dex:  9    Spells: 6/6 levels left

rFire   + . .        Y - +0 war axe
rCold   . . .        c - +0 buckler
rNeg    + . .        l - +0 plate armour
rPois   inf          b - +0 helmet
rElec   +            i - +0 cloak
rCorr   .            (no gloves)
SInv    +            t - +0 pair of boots
Will    .....        (no amulet) Stlth
                     m - ring of see invisible
HPRegen 0.27/turn    a - ring of protection from fire
MPRegen 0.10/turn

%: no passive effects
@: about to teleport, weakened
A: sickness immunity, AC +4, negative energy resistance 1, electricity
resistance, torment resistance 1, petrification resistance
a: Renounce Religion


You were on level 6 of the Dungeon.
You worshipped Okawaru.
Okawaru was noncommittal.
You visited 2 branches of the dungeon, and saw 7 of its levels.

You collected 203 gold pieces.


Innate Abilities, Weirdness & Mutations

You are immune to sickness and miasma.
Your stone body is resilient. (AC +4)
You are immune to poison.
You resist negative energy. (rN+)
You are resistant to electric shocks. (rElec)
You are resistant to unholy torment.
You are immune to petrification.


   Skills:
 - Level 4.9 Fighting
 + Level 6.8 Axes
 - Level 4.1 Armour
 - Level 3.2 Shields


You had 6 spell levels left.
You didn't know any spells.
Your spell library was empty.

Inventory:

Hand Weapons
 q - a +0 flail
 Y - a +0 war axe (weapon)
Missiles
 k - a boomerang (quivered)
Armour
 b - a +0 helmet (worn)
 c - a +0 buckler (worn)
 i - a +0 cloak (worn)
 l - a +0 plate armour (worn)
 t - a +0 pair of boots (worn)
Jewellery
 a - a ring of protection from fire (right hand)
 h - a ring of willpower
 m - a ring of see invisible (left hand)
Scrolls
 g - a scroll of identify
Potions
 d - 2 potions of might
 e - a potion of lignification
 j - a potion of enlightenment
 n - a potion of curing {unknown}
 o - a potion of cancellation {unknown}
 p - a potion of berserk rage {unknown}
 s - a potion of degeneration {unknown}

Dungeon Overview and Level Annotations

Branches:
Dungeon (6/15)             Temple (1/1) D:5

Altars:
Ashenzari
Dithmenos
Elyvilon
Fedhas
Gozag
Hepliaklqana
Kikubaaqudgha
Makhleb
Nemelex Xobeh
Okawaru
Qazlal
Ru
Sif Muna
Trog
Uskayaw
Vehumet
Wu Jian
Xom
Yredelemnul
Zin


Message History

You barely miss the gnoll bouda. You barely miss the howler monkey.
Your attacks no longer feel as feeble.
A nearby plant withers and dies.
The gnoll bouda closely misses you. The gnoll barely misses you.
The howler monkey barely misses you. The gnoll hits you but does no damage.
You hit the howler monkey.
The howler monkey is heavily wounded.
You slash the gnoll! You hit the gnoll bouda.
You feel your willpower return.
The gnoll bouda hits you with a +0 club.
The gnoll hits you but does no damage.
The orc priest hits the plant with a +0 dagger.
The plant begins to die.
The howler monkey hoots and howls with incredible vigour!
The gnoll hits you but does no damage.
The gnoll bouda hits you with a +0 club!
The gnoll completely misses you.
You hear a bark!
You slash the howler monkey!
The howler monkey is almost dead.
You slash the gnoll!
You kill the gnoll!
Okawaru accepts your kill.
You closely miss the gnoll bouda.
The howler monkey hits you but does no damage.
A hound comes into view.
The howler monkey hits you but does no damage.
The gnoll bouda barely misses you. The hound bites you but does no damage.
A phantom breaks down the door.
The gnoll hits you from afar with a +0 halberd!
The orc priest casts a cantrip, but nothing happens.
Found 14 gold pieces.
4104 ||| READING scroll of teleportation.
As you read the scroll of teleportation, it crumbles to dust.
You feel strangely unstable. You block the hound's attack.
The howler monkey hits you.
The gnoll bouda gazes fiercely through you!
You feel your attacks grow feeble.
The gnoll bouda hits you with a +0 club.
You die...

....# .
....# ..
#?..# ...
#...# ....
#...# .....
#...#
......##...#
.P~h..h@.<.#
.7~77ggh#'##
77.oW $.
7Po## ##
7~o# ~7.#
~~..# ...P#


You could see a phantom, a gnoll bouda, a howler monkey, 2 hounds, an orc
priest, a gnoll (swift) and 2 orcs.

Vanquished Creatures
  A water moccasin (D:5)
  A centaur (D:4)
  A scorpion (D:4)
  A hound (D:5)
  An orc priest (D:4)
  2 jellies (D:4)
  An iguana (D:5)
  Jessica (D:2)
  2 orc wizards (D:3)
  Robin (D:2)
  5 gnolls
  2 adders
  2 worms
  A dart slug (D:5)
  12 orcs
  3 bats
  8 endoplasms
  4 giant cockroaches
  9 goblins
  11 hobgoblins
  3 jackals (D:1)
  6 kobolds
  3 quokkas
  8 ball pythons
  A frilled lizard (D:2)
  9 rats
99 creatures vanquished.

Vanquished Creatures (others)
  5 dream sheep (D:4)
5 creatures vanquished.

Grand Total: 104 creatures vanquished

Notes
Turn   | Place    | Note
-------+----------+-------------------------------------------
     0 | D:1      | qw the Gargoyle Fighter began the quest for the Orb.
     0 | D:1      | Reached XP level 1. HP: 14/14 MP: 1/1
     0 | D:1      | 0 ||| qw: Version: 0.3-a-9-g12657ce
     0 | D:1      | 0 ||| qw: Game counter: 1415
     0 | D:1      | 0 ||| qw: Always use a shield: true
     0 | D:1      | 0 ||| qw: God list: Okawaru
     0 | D:1      | 0 ||| qw: Allow faded altars: false
     0 | D:1      | 0 ||| qw: Do Orc after D:15 true
     0 | D:1      | 0 ||| qw: Do second Lair branch before Depths: true
     0 | D:1      | 0 ||| qw: Lair rune preference: random
     0 | D:1      | 0 ||| qw: Plans: Normal, Zot:1-4, Slime:5, God:TSO, Crypt,
                  | Tomb, Abyss, Pan, Hells, Win
     0 | D:1      | 0 ||| PLANNING D:1-11
    26 | D:1      | Reached skill level 2 in Axes
    65 | D:1      | Reached XP level 2. HP: 19/19 MP: 2/2
   239 | D:1      | 239 ||| DROPPING +0 club.
   455 | D:1      | Reached skill level 3 in Axes
   466 | D:1      | 466 ||| Stepping ~*~*~tactically~*~*~ (stealth).
   467 | D:1      | 467 ||| Stepping ~*~*~tactically~*~*~ (stealth).
   476 | D:1      | 476 ||| Stepping ~*~*~tactically~*~*~ (hiding).
   535 | D:1      | Reached XP level 3. HP: 23/23 MP: 3/3
   641 | D:1      | 641 ||| UPGRADING to +0 plate armour.
   651 | D:1      | 651 ||| DROPPING +0 scale mail.
   652 | D:1      | 652 ||| DROPPING amulet of magic regeneration.
   653 | D:1      | 653 ||| UPGRADING to ring of see invisible.
   654 | D:1      | 654 ||| READING scroll labelled LEUD TUINN.
   655 | D:1      | 655 ||| READING scroll labelled SICWAM IGIBRU.
   656 | D:1      | 656 ||| DRINKING 2 bubbling cyan potions.
   805 | D:2      | Noticed Jessica
   806 | D:2      | 806 ||| Stepping ~*~*~tactically~*~*~ (hiding).
   814 | D:2      | Killed Jessica
   815 | D:2      | Reached XP level 4. HP: 25/28 MP: 4/4
  1044 | D:2      | 1044 ||| Stepping ~*~*~tactically~*~*~ (stealth).
  1047 | D:2      | Reached skill level 4 in Axes
  1054 | D:2      | Noticed Robin
  1061 | D:2      | Killed Robin
  1194 | D:2      | 1194 ||| Stepping ~*~*~tactically~*~*~ (stealth).
  1196 | D:2      | 1196 ||| Stepping ~*~*~tactically~*~*~ (hiding).
  1399 | D:2      | 1399 ||| UPGRADING to +0 helmet.
  1404 | D:2      | 1404 ||| UPGRADING to ring of protection from fire.
  1405 | D:2      | 1405 ||| READING scroll labelled COPTIH CEUSTREPT.
  1406 | D:2      | 1406 ||| READING 2 scrolls labelled GADAIK ACLONN.
  1632 | D:3      | Reached XP level 5. HP: 32/32 MP: 5/5
  1753 | D:3      | 1753 ||| Stepping ~*~*~tactically~*~*~ (stealth).
  1761 | D:3      | 1761 ||| FLEEEEING.
  1762 | D:3      | 1762 ||| FLEEEEING.
  1763 | D:3      | 1763 ||| FLEEEEING.
  1764 | D:3      | 1764 ||| FLEEEEING.
  1765 | D:3      | 1765 ||| FLEEEEING.
  1767 | D:3      | 1767 ||| FLEEEEING.
  1768 | D:3      | 1768 ||| FLEEEEING.
  1769 | D:3      | 1769 ||| FLEEEEING.
  1770 | D:3      | 1770 ||| FLEEEEING.
  1771 | D:3      | 1771 ||| FLEEEEING.
  1772 | D:3      | 1772 ||| FLEEEEING.
  1773 | D:3      | 1773 ||| FLEEEEING.
  1774 | D:3      | 1774 ||| FLEEEEING.
  1775 | D:3      | 1775 ||| FLEEEEING.
  1776 | D:3      | 1776 ||| FLEEEEING.
  1807 | D:3      | 1807 ||| DROPPING +0 mace.
  1840 | D:3      | 1840 ||| Stepping ~*~*~tactically~*~*~ (stealth).
  1851 | D:3      | 1851 ||| Stepping ~*~*~tactically~*~*~ (stealth).
  1874 | D:3      | Reached skill level 5 in Axes
  2135 | D:3      | 2135 ||| UPGRADING to +0 cloak.
  2140 | D:3      | 2140 ||| READING 3 scrolls labelled CACROR RIETZUL.
  2145 | D:3      | 2145 ||| READING scroll labelled HAVIFF EH NEA.
  2146 | D:3      | 2146 ||| READING scroll labelled EXZERAX QOEDGH.
  2147 | D:3      | 2147 ||| READING 2 scrolls of identify.
  2147 | D:3      | 2147 ||| IDENTIFYING yellow potion
  2181 | D:4      | Noticed a dream sheep
  2181 | D:4      | Noticed a dream sheep
  2181 | D:4      | Noticed a dream sheep
  2181 | D:4      | Noticed a dream sheep
  2181 | D:4      | Noticed a dream sheep
  2181 | D:4      | Found a shimmering altar of Xom.
  2183 | D:4      | Killed a dream sheep
  2184 | D:4      | Reached XP level 6. HP: 33/40 MP: 6/6
  2184 | D:4      | Killed a dream sheep
  2184 | D:4      | Killed a dream sheep
  2184 | D:4      | Killed a dream sheep
  2185 | D:4      | Killed a dream sheep
  2597 | D:4      | Reached skill level 6 in Axes
  2597 | D:4      | Reached XP level 7. HP: 44/44 MP: 7/7
  2932 | D:5      | Entered Level 5 of the Dungeon
  3018 | D:5      | Found a staircase to the Ecumenical Temple.
  3019 | D:5      | 3019 ||| PLANNING TEMPLE
  3028 | Temple   | Entered the Ecumenical Temple
  3034 | Temple   | 3034 ||| PLANNING OKAWARU WORSHIP
  3179 | Temple   | Became a worshipper of Warmaster Okawaru
  3180 | Temple   | 3180 ||| PLANNING D:1-11
  3196 | D:5      | Identified the +3 sling of Festooned Integrity {flame,
                  | Will+ MP+9 Str-2 Int+3}
  3326 | D:5      | Found a hazy altar of Hepliaklqana.
  3573 | D:5      | Found a radiant altar of Vehumet.
  3573 | D:5      | Found a stormy altar of Qazlal.
  3665 | D:5      | 3665 ||| Stepping ~*~*~tactically~*~*~ (stealth).
  3723 | D:5      | 3723 ||| Stepping ~*~*~tactically~*~*~ (stealth).
  3725 | D:5      | 3725 ||| Stepping ~*~*~tactically~*~*~ (hiding).
  3926 | D:5      | 3926 ||| Stepping ~*~*~tactically~*~*~ (hiding).
  3927 | D:5      | 3927 ||| Stepping ~*~*~tactically~*~*~ (hiding).
  3928 | D:5      | 3928 ||| Stepping ~*~*~tactically~*~*~ (hiding).
  3930 | D:5      | 3930 ||| Stepping ~*~*~tactically~*~*~ (hiding).
  3938 | D:5      | HP: 11/44 [disintegration (4)]
  3939 | D:5      | 3939 ||| READING 2 scrolls of teleportation.
  4060 | D:5      | 4060 ||| UPGRADING to +0 pair of boots.
  4065 | D:5      | 4065 ||| READING scroll labelled IDUSIE ELESY.
  4103 | D:6      | HP: 7/44 [gnoll/+0 halberd[a gnoll bouda] (8)]
  4104 | D:6      | 4104 ||| READING scroll of teleportation.
  4104 | D:6      | HP: 2/44 [howler monkey (5)]
  4104 | D:6      | Slain by a gnoll bouda

Levels and vault maps discovered:
D:1:      minmay_arrival_four_circles, layout_loops_ring
D:2:      layout_loops_ring, uniq_robin, uniq_jessica
D:3:      layout_rooms, grunt_ministairs_2, amcnicky_mini_pool_small,
          columned_hall_lemuel, corner_web_ring, chequers_jeans,
          kennysheep_generic_room_9
D:4:      layout_basic, kb_xom_exploding_sheep
D:5:      layout_loops_ring, nicolae_overflow_two_pavilions,
          mainiacjoe_overflow_24_doors, minmay_temple_entry_overgrown
D:6:      layout_basic, serial_bayou_pond_a, minmay_microvault
Temple:   nicolae_temple_elliptical

Skill      XL: |  1  2  3  4  5  6  7 |
---------------+----------------------+-----
Axes           | 2 3 4 5 6 |  6.8
Fighting       | 4 |  4.9
Armour         | 4 |  4.1
Shields        | |  3.2

Action                     |  1- 3 |  4- 6 |  7- 9 || total
---------------------------+-------+-------+-------++-------
  Melee: War axe           |    63 |   158 |    66 ||   287
  Throw: Boomerang         |    24 |    69 |     9 ||   102
    Use: Scroll            |     2 |     6 |     3 ||    11
         Potion            |     1 |       |       ||     1
 Armour: Scale mail        |    25 |       |       ||    25
         Plate armour      |     8 |   128 |    36 ||   172
  Dodge: Dodged            |    20 |    41 |    28 ||    89
  Block: Buckler           |    17 |    38 |    10 ||    65

Table legend:
 A = Non-vault XP
 B = Vault XP
 C = Vault XP percentage of total XP
 D = Non-vault monster count
 E = Vault monster count
 F = Vault count percentage of total count
                 A         B        C        D         E       F
            +---------+---------+-------+---------+---------+-------
      Total |     978 |      74 |   7.0 |      86 |      14 |  14.0
            +---------+---------+-------+---------+---------+-------
        D:1 |      37 |       0 |   0.0 |      22 |       0 |   0.0
        D:2 |      44 |      70 |  61.4 |      17 |      11 |  39.3
        D:3 |     130 |       4 |   3.0 |      25 |       3 |  10.7
        D:4 |     456 |       0 |   0.0 |      13 |       0 |   0.0
        D:5 |     282 |       0 |   0.0 |       7 |       0 |   0.0
        D:6 |      29 |       0 |   0.0 |       2 |       0 |   0.0
            +---------+---------+-------+---------+---------+-------
